 Dungeon Crawl Stone Soup version 0.29-a0-243-g602b31c20e (webtiles) character file.

Game seed: 3487844378099554680

654615 iguanaiguana the Pyromancer (level 27, -1/149 HPs)
             Began as a Vine Stalker Delver on Mar 2, 2022.
             Was the Champion of Cheibriados.
             Killed from afar by a red draconian scorcher (24 damage)
             ... with damnation
             ... on level 3 of the Realm of Zot on Mar 5, 2022.
             The game lasted 07:23:43 (58779 turns).

iguanaiguana the Pyromancer (Vine Stalker Delver)  Turns: 58779, Time: 07:23:43

Health: -1/149     AC: 29    Str: 33    XL:     27
Magic:  0/44       EV: 16    Int: 42    God:    Cheibriados [******]
Gold:   1430       SH: 18    Dex: 31    Spells: 5/58 levels left

rFire   + + +      SeeInvis +   a - +3 Elemental Staff {rElec rF++ rC++ AC+5}
rCold   + + +      Faith    .   s - +3 kite shield "Nori" {Int+4}
rNeg    + + .      Spirit   +   n - quicksilver dragon scales
rPois   +          Reflect  .   J - +2 helmet {Int+3}
rElec   +          Harm     .   R - +1 cloak of Xom's Supremacy {rN+ Str+3}
rCorr   +          Rampage  .   U - +2 pair of gloves {Stlth+}
Will    +++++                   k - +1 pair of boots
Stlth   ++++++++..              N - amulet "Egueg" {RegenMP rPois Regen+ Slay+3}
HPRegen 1.94/turn               o - ring of see invisible
MPRegen 0.69/turn               V - ring "Lerung" {rF+ rC+ rN+ Will+ rCorr}

@: studying 4 skills, very slow
A: fangs 3, regeneration 1, magic shield, antimagic bite, no potion heal 2,
mutation resistance 1, weak 2
}: 4/15 runes: decaying, slimy, silver, gossamer
a: Renounce Religion, Bend Time, Temporal Distortion, Slouch, Step From Time


You were on level 3 of the Realm of Zot.
You worshipped Cheibriados.
Cheibriados was exalted by your worship.
You visited 11 branches of the dungeon, and saw 56 of its levels.
You visited 1 bazaar.
You also visited: Trove, Sewer, Ossuary, Gauntlet, Ice Cave and Wizlab.

You collected 10795 gold pieces.
You spent 9365 gold pieces at shops.

Inventory:

Hand Weapons
 a - the +3 Elemental Staff (weapon) {rElec rF++ rC++ AC+5}
   (You found it on level 6 of the Lair of Beasts)

   If the wielder is skilled in Evocations, they can discharge powerful blasts
   of elemental energy when striking with it.
   It enhances your fire, ice, earth and air magic.
   AC:        It affects your AC (+5).
   rF:        It greatly protects you from fire.
   rC:        It greatly protects you from cold.
   rElec:     It insulates you from electricity.
 b - a +9 quick blade of flaming
Missiles
 p - 15 curare-tipped darts (quivered)
 B - a throwing net
Armour
 k - a +1 pair of boots (worn)
 n - quicksilver dragon scales (worn)
 s - the +3 kite shield "Nori" (worn) {Int+4}
   (You found it on level 3 of the Elven Halls)

   Int:       It affects your intelligence (+4).
 G - a +2 pair of gloves of strength
 J - a +2 helmet of intelligence (worn)
 R - the +1 cloak of Xom's Supremacy (worn) {rN+ Str+3}
   (You found it on level 5 of the Vaults)

   Str:       It affects your strength (+3).
   rN:        It protects you from negative energy.
 U - a +2 pair of gloves of stealth (worn)
Jewellery
 j - the ring "Jisigoez" {Fire rPois Int+4 Dex+4 Stlth+}
   (You bought it in a shop in a bazaar)

   [ring of fire]

   It enhances your fire magic.
   Int:       It affects your intelligence (+4).
   Dex:       It affects your dexterity (+4).
   rF:        It protects you from fire.
   rC:        It makes you vulnerable to cold.
   rPois:     It protects you from poison.
   Stlth:     It makes you more stealthy.
 o - a ring of see invisible (left hand)
 x - a ring of magical power
 A - the ring "Gosecul" {rN+ Int+3 Slay+2}
   (You found it in a treasure trove)

   [ring of positive energy]

   Int:       It affects your intelligence (+3).
   Slay:      It affects your accuracy & damage with ranged weapons and melee
   (+2).
   rN:        It protects you from negative energy.
 D - a ring of flight
 N - the amulet "Egueg" (around neck) {RegenMP rPois Regen+ Slay+3}
   (You acquired it on level 2 of the Orcish Mines)

   [amulet of magic regeneration]

   It increases your rate of magic regeneration.
   Slay:      It affects your accuracy & damage with ranged weapons and melee
   (+3).
   rPois:     It protects you from poison.
   Regen:     It increases your rate of health regeneration.
 P - the ring of the Bellicose God {Wiz rPois rN++ rCorr}
   (You found it on level 3 of the Elven Halls)

   [ring of wizardry]

   It improves your spell success rate.
   rPois:     It protects you from poison.
   rN:        It greatly protects you from negative energy.
   rCorr:     It protects you from acid and corrosion.
 V - the ring "Lerung" (right hand) {rF+ rC+ rN+ Will+ rCorr}
   (You found it on level 3 of the Crypt)

   [ring of positive energy]

   rF:        It protects you from fire.
   rC:        It protects you from cold.
   rN:        It protects you from negative energy.
   rCorr:     It protects you from acid and corrosion.
   Will:      It increases your willpower.
Wands
 h - a wand of digging (19) {@v3}
 v - a wand of iceblast (51) {@v2}
 Z - a wand of acid (31) {@v1}
Scrolls
 c - 20 scrolls of fog
 e - 3 scrolls of amnesia
 t - 9 scrolls of immolation
 z - 13 scrolls of teleportation {@r3}
 C - 2 scrolls of fear
 E - 2 scrolls of silence
 F - 6 scrolls of magic mapping {@r5}
 K - 2 scrolls of enchant armour
 L - a scroll of summoning
Potions
 d - 3 potions of brilliance
 i - 4 potions of mutation
 l - 4 potions of invisibility
 q - 10 potions of lignification
 r - 28 potions of curing {@q1}
 u - 8 potions of resistance {@q5}
 H - 5 potions of magic
 T - 3 potions of cancellation
 W - 6 potions of ambrosia
 X - 7 potions of attraction
 Y - 6 potions of might {@q3}
Miscellaneous
 f - a phantom mirror
 m - a box of beasts
 w - a condenser vane
 y - a tin of tremorstones (2/2)
 S - a phial of floods


   Skills:
 - Level 16.9 Fighting
 - Level 8.2 Short Blades
 - Level 5.0 Staves
 - Level 3.0 Throwing
 - Level 9.0 Armour
 - Level 6.0 Dodging
 - Level 17.3 Stealth
 - Level 10.0 Shields
 - Level 16.0 Spellcasting
 - Level 15.0 Conjurations
 - Level 20.3 Necromancy
 - Level 4.0 Translocations
 + Level 14.0 Transmutations
 - Level 22.0 Fire Magic
 - Level 11.0 Earth Magic
 - Level 16.6 Invocations
 - Level 3.0 Evocations


You had 5 spell levels left.
You knew the following spells:

 Your Spells              Type           Power      Damage    Failure   Level
a - Death Channel         Necr           58%        N/A       1%          6
b - Iron Shot             Conj/Erth      60%        9d11      1%          6
c - Infestation           Necr           58%        N/A       3%          8
d - Borgnjor's Vile Clut  Necr/Erth      64%        N/A       1%          5
e - Ignition              Fire           72%        3d19      1%          8
f - Necromutation         Tmut/Necr      54%        N/A       14%         8
g - Dispel Undead         Necr           100%       3d31      0%          4
h - Starburst             Conj/Fire      68%        6d18      1%          6
i - Blink                 Tloc           100%       N/A       1%          2

Your spell library contained the following spells:

 Spells                   Type           Power      Damage    Failure   Level
 Animate Skeleton         Necr           100%       N/A       0%          1
 Beastly Appendage        Tmut           100%       N/A       0%          1
 Magic Dart               Conj           100%       1d8       0%          1
 Pain                     Necr           100%       1d9       0%          1
 Scorch                   Fire           100%       2d10      0%          2
 Sublimation of Blood     Necr           100%       N/A       0%          2
 Wereblood                Tmut           100%       N/A       0%          2
 Conjure Flame            Conj/Fire      100%       6-21      0%          3
 Vampiric Draining        Necr           100%       2d13      0%          3
 Animate Dead             Necr           58%        N/A       0%          4
 Flame Wave               Conj/Fire      100%       2d17      0%          4
 Sticky Flame             Conj/Fire      100%       2d11      0%          4
 Agony                    Necr           100%       N/A       0%          5
 Excruciating Wounds      Necr           58%        N/A       0%          5
 Apportation              Tloc           100%       N/A       1%          1
 Sandblast                Erth           100%       2d20      1%          1
 Shock                    Conj/Air       100%       1d9       1%          1
 Corpse Rot               Necr/Air       100%       N/A       1%          2
 Passwall                 Tmut/Erth      98%        N/A       1%          2
 Static Discharge         Conj/Air       98%        N/A       1%          2
 Dazzling Flash           Conj/Hex       100%       N/A       1%          3
 Gell's Gravitas          Tloc           61%        N/A       1%          3
 Ignite Poison            Fire/Tmut/Pois 100%       N/A       1%          3
 Mephitic Cloud           Conj/Pois/Air  85%        N/A       1%          3
 Spider Form              Tmut/Pois      75%        N/A       1%          3
 Stone Arrow              Conj/Erth      100%       3d13      1%          3
 Teleport Other           Tloc           61%        N/A       1%          3
 Anguish                  Hex/Necr       43%        N/A       1%          4
 Fulminant Prism          Conj/Hex       38%        3d18      1%          4
 Iskenderun's Mystic Bla  Conj/Tloc      85%        2d17      1%          4
 Fireball                 Conj/Fire      68%        3d26      1%          5
 Lee's Rapid Deconstruct  Erth           56%        3d27*     1%          5
 Slow                     Hex            100%       N/A       2%          1
 Summon Small Mammal      Summ           100%       N/A       2%          1
 Animate Armour           Summ/Erth      100%       N/A       2%          4
 Leda's Liquefaction      Hex/Erth       44%        N/A       2%          4
 Call Imp                 Summ           33%        N/A       3%          2
 Poisonous Vapours        Pois/Air       100%       N/A       3%          2
 Portal Projectile        Hex/Tloc       100%       N/A       3%          3
 Alistair's Intoxication  Tmut/Pois      50%        N/A       3%          5
 Lightning Bolt           Conj/Air       49%        1d69      3%          5
 Yara's Violent Unravell  Hex/Tmut       37%        3d15      3%          5
 Passage of Golubria      Tloc           61%        N/A       4%          4
 Confusing Touch          Hex            33%        N/A       7%          3
 Ozocubu's Armour         Ice            50%        N/A       7%          3
 Summon Guardian Golem    Hex/Summ       33%        N/A       7%          3
 Swiftness                Air            50%        N/A       7%          3
 Tukima's Dance           Hex            33%        N/A       7%          3
 Freezing Cloud           Conj/Ice/Air   53%        6-21      9%          5
 Manifold Assault         Tloc           61%        N/A       13%         5
 Airstrike                Air            25%        N/A       24%         4
 Summon Lightning Spire   Summ/Air       50%        N/A       24%         4
 Summon Forest            Summ/Tloc      25%        N/A       28%         5
 Metabolic Englaciation   Hex/Ice        25%        N/A       54%         5
 Silence                  Hex/Air        25%        N/A       54%         5
 Statue Form              Tmut/Erth      78%        N/A       2%          6
 Borgnjor's Revivificati  Necr           58%        N/A       3%          8
 Orb of Destruction       Conj           51%        9d13      4%          7
 Simulacrum               Ice/Necr       54%        N/A       5%          6
 Eringya's Noxious Bog    Tmut/Pois      37%        N/A       21%         6
 Haunt                    Necr/Summ      43%        N/A       30%         7
 Death's Door             Necr           58%        N/A       50%         9
 Dispersal                Tloc           30%        N/A       56%         6
 Lehudib's Crystal Spear  Conj/Erth      60%        10d14     58%         8
 Spellforged Servitor     Conj/Summ      38%        N/A       67%         7
 Storm Form               Tmut/Air       47%        N/A       75%         7
 Fire Storm               Conj/Fire      68%        8d17      77%         9
 Summon Cactus Giant      Summ           16%        N/A       98%         6
 Enfeeble                 Hex            16%        N/A       100%        7
 Malign Gateway           Summ/Tloc      25%        N/A       100%        7
 Ozocubu's Refrigeration  Ice            25%        4d10      100%        7
 Summon Hydra             Summ           16%        N/A       100%        7
 Disjunction              Tloc           30%        N/A       100%        8
 Maxwell's Capacitive Co  Air            25%        ∞         100%        8
 Summon Horrible Things   Summ           16%        N/A       100%        8
 Chain Lightning          Conj/Air       49%        3d65      100%        9
 Polar Vortex             Ice            25%        N/A       100%        9
 Shatter                  Erth           56%        3d42*     100%        9


Dungeon Overview and Level Annotations

Branches:
Dungeon (15/15)            Temple (0/1) D:4            Lair (6/6) D:11
  Swamp (4/4) Lair:2       Spider (4/4) Lair:3        Slime (5/5) Lair:6
    Orc (2/2) D:11            Elf (3/3) Orc:2        Vaults (5/5) D:13
  Crypt (3/3) Vaults:3       Tomb (0/3) Crypt:3      Depths (4/4) D:15
    Zot (5/5) Depths:4      Sewer (visited)         Ossuary (visited)
  IceCv (visited)          WizLab (visited)         Gauntlet (visited)

Altars:
Cheibriados
Kikubaaqudgha
Makhleb
Ru
Sif Muna
Trog
Uskayaw
Vehumet
Wu Jian
Xom
Jiyva
Lugonu

Shops:
D:7 ?   D:15 *!!   Orc:2 ?*:?   Elf:1 *   Vaults:1 =   Vaults:2 *   Vaults:3 *
Vaults:4 (   Depths:1 ***=?   Depths:3 (

Portals:
Hell: Depths:1 Depths:2 Depths:3 Depths:4
Abyss: Depths:3 Depths:4
Pandemonium: Depths:2 Depths:4
Ziggurat: Depths:3

Annotations:
Spider:2 Nikola
Elf:2 3 runed translucent doors
Vaults:1 1 transporter
Vaults:4 testman's ghost, veteran MiHu


Innate Abilities, Weirdness & Mutations

You have razor-sharp teeth.
Your natural rate of healing is unusually fast.
When hurt, damage is shared between your health and your magic reserves.
Your bite disrupts and absorbs the magic of your enemies.
Potions cannot restore your health.
You are somewhat resistant to further mutation.
You are very weak. (Str -4)


Message History

You feel strangely unstable.
You feel the Orb delaying your translocation!
The zombie hands constrict the white draconian!!
The white draconian struggles to escape constriction.
The zombie hands constrict the white draconian!!
You kill the white draconian!
Cheibriados appreciates the change of pace.
The red draconian scorcher casts a spell at you.
The bolt of magma hits you! You partially resist.
* * * LOW HITPOINT WARNING * * *
Activating: Slouch (0% risk of failure)
Press: ? - help, Dir - look around, f - activate You can feel time thicken for a moment.
The red draconian scorcher breathes fire at you.
The searing blast hits you. You resist.
* * * LOW HITPOINT WARNING * * *
The red draconian scorcher is no longer moving slowly.
The red draconian scorcher points at you and mumbles some strange words.
The bolt of magma hits you!! You partially resist.
* * * LOW HITPOINT WARNING * * *
The red draconian scorcher casts a spell at you.
The fireball explodes!
The fireball engulfs you. You resist.
* * * LOW HITPOINT WARNING * * *
Okay, then.
Okay, then.
The red draconian scorcher gestures at you while chanting.
The sphere of damnation explodes!
The damnation engulfs you!!
* * * LOW HITPOINT WARNING * * *
The red draconian scorcher breathes fire at you.
The searing blast hits you. You resist.
* * * LOW HITPOINT WARNING * * *
As you read the scroll of fear, it crumbles to dust.
You assume a fearsome visage.
The red draconian scorcher looks frightened! x2
You are engulfed in blazing flames.
You resist.
A tentacled monstrosity comes into view.
Your surroundings seem slightly different.
The red draconian scorcher points at you and mumbles some strange words.
The sphere of damnation explodes!
The damnation engulfs you!!
You die...

####...# ####...######
............. ............
.†.... ..........<. ...).
......$.## ##...# .......$#
##### #..B.# . ........# #○..#
#....# .. ..##.).## #§.@# #....#
#...
..##..)#######...######...#....#
......[).)......°...)...........
.......).)..)....†..>...........
.......).))))......q............
.###....))).X.....q.............
. #.^.###))....#####...###.####
#...#........# ..)..# .#
#....#......### ......# #


You could see a tentacled monstrosity and 2 draconians.

Vanquished Creatures
  the Royal Jelly (Slime:5)
  Dissolution (Slime:3)
  3 dread liches
  8 orbs of fire (Zot:5)
  3 ancient liches
  A juggernaut (Depths:3)
  The ghost of taxman66 the Slayer, a veteran FoFi of Okawaru (Depths:2)
  3 Killer Klowns (Zot:5)
  A Head Instructor (WizLab)
  Xtahua (Crypt:1)
  2 curse toes
  The ghost of Somi Kux the Hoplite, a veteran HOFi of Qazlal (Vaults:3)
  2 golden dragons
  An electric golem (Zot:5)
  Jorgrun (Spider:1)
  4 tentacled monstrosities
  A lich (Crypt:3)
  A walking earthen tome (Depths:3)
  A walking frostbound tome (Depths:3)
  3 deep elf blademasters
  9 quicksilver dragons
  6 Orb Guardians (Zot:5)
  2 titans
  A deep elf master archer (Elf:3)
  13 acid blobs
  6 death cobs
  Gastronok (Lair:2)
  4 sphinxes
  5 storm dragons
  8 tengu reavers
  2 ancient champions (Crypt:2)
  2 thorn hunters
  Donald (Swamp:2)
  7 shadow dragons
  A draconian monk (Zot:3)
  2 fenstrider witches (Swamp:4)
  4 revenants
  5 rockslimes
  6 draconian knights
  A daeva (Depths:3)
  9 frost giants
  11 azure jellies
  7 ghost moths
  4 emperor scorpions
  2 iron dragons
  A caustic shrike zombie (Depths:3)
  5 fire giants
  8 deep elf sorcerers
  14 vault wardens
  2 draconian shifters
  A curse skull (Crypt:2)
  3 ghouls
  Aizul (Swamp:2)
  10 ironbound preservers
  5 draconian stormcallers
  A juggernaut skeleton (Crypt:1)
  2 deep elf elementalists
  2 broodmothers
  2 spriggan defenders
  7 war gargoyles
  7 quicksilver oozes
  12 stone giants
  4 draconian annihilators
  15 very ugly things
  3 green draconians
  6 ironbound thunderhulks
  12 black draconians
  5 deep elf annihilators
  2 bunyips
  10 dire elephants
  4 entropy weavers
  5 deep elf demonologists
  A red draconian (Zot:3)
  7 white draconians
  7 vampire knights
  3 purple draconians
  5 yellow draconians
  7 spark wasps
  The ghost of jlumianski the Torchbearer, a journeyman DsFE of Yredelemnul (Orc:2)
  A minotaur (Gauntlet)
  6 deep elf death magi
  A green death (Swamp:4)
  7 jiangshi
  3 crystal guardians
  4 deep elf high priests
  2 eidola (Crypt:2)
  A shambling mangrove (Swamp:4)
  11 great orbs of eyes
  Josephine (D:15)
  7 ettins
  A great orb of eyes (shapeshifter) (Vaults:5)
  5 fire dragons
  2 rakshasas
  7 yaktaur captains
  5 boulder beetles
  4 ice dragons
  2 peacekeepers
  A hell beast (Depths:1)
  A radroach (Spider:3)
  15 hydras
  13 ironbound frosthearts
  5 death knights
  A ghost crab (Swamp:4)
  27 vault guards
  2 catoblepae
  2 spriggan air magi (Depths:2)
  12 centaur warriors
  2 jorogumos
  3 ogre magi
  34 dancing weapons
  A two-headed ogre (shapeshifter) (Depths:2)
  2 alligators
  8 two-headed ogres
  2 deep troll shamans
  2 deep troll earth magi
  5 tengu warriors
  3 orc high priests (Orc:2)
  7 vampire magi
  A shock serpent (shapeshifter) (Vaults:5)
  3 spriggan berserkers (Depths:2)
  Nergalle (Lair:3)
  2 soul eaters
  4 hell knights
  13 deep elf knights
  4 iron trolls (Depths:4)
  6 sun demons
  A death drake (shapeshifter) (Vaults:5)
  A sixfirhy (Swamp:4)
  An entropy weaver zombie (Crypt:2)
  A goliath frog (Swamp:2)
  2 shadow wraiths
  A pharaoh ant (Spider:3)
  4 salamander mystics (WizLab)
  19 skeletal warriors
  7 glowing orange brains
  23 deep trolls
  2 orb spiders
  A death drake (Swamp:4)
  A flayed ghost (Crypt:1)
  6 spriggan druids
  12 deep elf archers
  2 swamp dragons (shapeshifter)
  4 steelbarb worms
  18 ironbound convokers
  A shadow dragon zombie (Crypt:1)
  A harpy (Vaults:2)
  A swamp dragon (Swamp:2)
  3 orc knights
  6 bog bodies
  12 wizards
  7 phantasmal warriors
  3 lindwurms (Vaults:1)
  3 large abominations (Depths:3)
  10 necromancers
  An orange crystal statue (IceCv)
  5 mana vipers (WizLab)
  28 deep elf pyromancers
  5 shining eyes
  A tengu zombie (Vaults:3)
  2 tengu skeletons
  2 manticores
  8 wolf spiders
  45 ugly things
  27 deep elf zephyrmancers
  4 will-o-the-wisps
  3 orc sorcerers (Orc:2)
  A cyclops (D:15)
  A salamander (Depths:1)
  A sphinx skeleton (Depths:3)
  4 elephants (Lair:6)
  A centaur zombie (Crypt:1)
  A stone giant skeleton (Depths:2)
  Maurice (D:13)
  12 moths of wrath
  2 black mambas
  2 iron dragon skeletons (Crypt:1)
  2 fire giant skeletons
  A dire elephant zombie (Crypt:3)
  An ice statue (Elf:2)
  17 cane toads
  A naga mage (WizLab)
  3 torpor snails
  12 vault sentinels
  2 eyes of devastation (Slime:2)
  2 smoke demons
  A gargoyle (D:14)
  A dire elephant skeleton (Crypt:1)
  A hellion (Gauntlet)
  25 yaktaurs
  An elephant slug zombie (Crypt:1)
  An unseen horror (D:12)
  A steelbarb worm zombie (Crypt:1)
  A naga skeleton (Crypt:1)
  2 demonic crawlers (Spider:1)
  6 freezing wraiths
  12 rime drakes
  A hellwing (Swamp:4)
  A yellow draconian skeleton (Crypt:1)
  An ice devil (D:13)
  5 komodo dragons
  2 tengu conjurers
  An efreet (D:13)
  A pale draconian skeleton (Crypt:1)
  7 trolls
  A troll (shapeshifter) (Vaults:5)
  2 bloated husks
  2 meliai (Spider:3)
  2 tyrant leeches (Swamp:2)
  A hornet (shapeshifter) (D:14)
  83 slime creatures
  20 tarantellas
  16 polar bears
  A slime creature (shapeshifter) (Depths:4)
  A hydra skeleton (Crypt:2)
  10 hornets
  6 blink frogs
  A death drake skeleton (Crypt:2)
  2 ettin zombies
  28 flying skulls
  12 jumping spiders
  2 dream sheep (Lair:6)
  12 culicivoras
  7 small abominations (Depths:3)
  4 shadows (Gauntlet)
  Sigmund (D:6)
  12 water elementals
  17 spriggans
  2 air elementals
  4 basilisks
  8 wraiths
  A human (shapeshifter) (Elf:3)
  5 wyverns
  A vampire (D:12)
  3 fire elementals
  12 golden eyes
  A steam dragon (D:9)
  19 yaks
  5 vampire mosquitoes
  A neqoxec (Swamp:4)
  A golden eye (shapeshifter) (D:13)
  4 chaos spawn
  26 redbacks
  10 swamp worms
  An acid dragon (D:11)
  A hell hound (Depths:1)
  A human skeleton (Depths:2)
  13 water moccasins
  A floating eye (shapeshifter) (Vaults:5)
  2 floating eyes
  4 black bears
  2 ice beasts
  A swamp drake (Swamp:3)
  30 orc warriors
  2 sky beasts
  4 ogres
  6 boggarts
  7 centaurs
  38 wolves
  A torpor snail zombie (Crypt:1)
  A fire crab zombie (Crypt:1)
  3 kobold brigands
  3 human zombies
  15 bullfrogs
  4 earth elementals
  6 necrophages
  2 gnoll sergeants
  4 scorpions
  A wight (D:7)
  2 howler monkeys
  3 electric eels
  4 crimson imps (D:13)
  A lava snake (Lair:6)
  22 orc priests
  8 hounds
  4 jellies
  4 iguanas
  2 gnoll shamans
  29 orc wizards
  A hound skeleton (D:4)
  A mummy (Ossuary)
  22 gnolls
  6 adders
  A river rat (Sewer)
  A shadow imp (D:8)
  3 white imps (D:13)
  A dart slug (D:4)
  108 orcs
  9 ball pythons
  10 bats
  15 endoplasms
  3 giant cockroaches
  A gnoll zombie (Crypt:2)
  11 goblins
  10 hobgoblins
  12 jackals
  8 quokkas
  3 frilled lizards
  9 gnoll skeletons (Ossuary)
  15 kobolds
  A kobold skeleton (Ossuary)
  15 orc skeletons (Ossuary)
  6 rats
1863 creatures vanquished.

Vanquished Creatures (collateral kills)
  Bai Suzhen (Spider:3)
  A caustic shrike (Depths:3)
  A curse toe (Zot:3)
  5 golden dragons
  Vv (Crypt:2)
  A bone dragon (Crypt:3)
  7 tentacled monstrosities
  An electric golem (Zot:5)
  19 Orb Guardians (Zot:5)
  3 liches
  A deep elf master archer (Elf:3)
  A quicksilver dragon (Zot:4)
  7 acid blobs
  2 shadow dragons (Vaults:5)
  An azure jelly (Slime:5)
  2 draconian monks
  2 fire giants (Vaults:5)
  A draconian knight (Zot:4)
  2 storm dragons
  A fenstrider witch (Swamp:4)
  3 rockslimes (Slime:5)
  4 frost giants
  4 emperor scorpions (Spider:4)
  3 vault wardens
  2 deep elf sorcerers
  3 ghost moths
  3 draconian scorchers
  A ghost moth (shapeshifter) (Vaults:5)
  A ghoul (Swamp:4)
  3 draconian stormcallers
  A broodmother (Spider:1)
  2 deep elf elementalists (Elf:3)
  8 very ugly things
  4 ironbound preservers
  4 stone giants
  2 war gargoyles
  A vampire knight (Crypt:2)
  4 eleionomae
  3 green draconians
  A deep elf demonologist (Elf:3)
  4 black draconians (Zot:3)
  An ironbound thunderhulk (Vaults:1)
  10 dire elephants
  4 purple draconians
  2 spark wasps
  2 yellow draconians (Zot:3)
  An entropy weaver (Vaults:4)
  2 red draconians (Zot:3)
  2 white draconians (Zot:4)
  3 bunyips
  4 deep elf annihilators
  A green death (Swamp:4)
  A deep elf death mage (Elf:3)
  A crystal guardian (Crypt:3)
  A shambling mangrove (Swamp:4)
  7 ettins
  2 fire dragons
  3 yaktaur captains
  3 vault guards
  A great orb of eyes (Depths:1)
  8 boulder beetles
  6 hydras
  A rakshasa (Depths:1)
  An ice dragon (Depths:4)
  A jorogumo (Spider:3)
  An ogre mage (Swamp:4)
  A spriggan skeleton (Crypt:3)
  A radroach (Spider:3)
  2 spriggan air magi (Swamp:4)
  A two-headed ogre (D:15)
  5 dancing weapons
  An ironbound frostheart (IceCv)
  A deep troll shaman (Depths:4)
  3 centaur warriors
  3 alligators
  A spriggan berserker (Swamp:4)
  3 vampire magi
  A deep troll earth mage (Depths:4)
  2 titan zombies (Crypt:3)
  2 deep elf knights (Elf:2)
  2 sun demons (Depths:1)
  A soul eater (Swamp:4)
  An iron troll (Depths:1)
  3 hell knights (Crypt:3)
  3 pharaoh ants
  11 skeletal warriors
  4 steelbarb worms (Spider:4)
  An iron giant zombie (Crypt:3)
  A salamander mystic (WizLab)
  5 goliath frogs
  4 swamp dragons
  12 deep trolls
  A golden dragon zombie (Crypt:3)
  2 bog bodies (Swamp:2)
  6 orb spiders
  A glowing orange brain (shapeshifter) (Vaults:5)
  3 spriggan druids
  3 wizards
  An anaconda skeleton (Crypt:3)
  A phantasmal warrior (Crypt:2)
  2 orc knights (Orc:2)
  3 deep elf zephyrmancers
  4 necromancers (Crypt:3)
  4 deep elf pyromancers
  6 ironbound convokers
  4 mana vipers (WizLab)
  2 orc sorcerers
  10 ugly things
  3 wolf spiders
  5 shining eyes
  3 will-o-the-wisps
  A manticore (D:10)
  10 moths of wrath
  A manticore (shapeshifter) (Vaults:3)
  2 elephants (Lair:6)
  3 vault sentinels
  An eye of devastation (Slime:5)
  A naga mage (WizLab)
  4 torpor snails
  A cane toad (Lair:3)
  4 rime drakes
  2 komodo dragons
  2 yaktaurs
  2 demonic crawlers
  A hellwing (Swamp:4)
  A troll (Orc:1)
  2 bloated husks
  A merfolk (shapeshifter) (Depths:4)
  5 polar bears
  A meliai (Spider:3)
  5 tyrant leeches
  A hydra skeleton (Crypt:3)
  2 hornets
  24 slime creatures
  6 tarantellas
  An ettin zombie (Crypt:3)
  A water elemental (Depths:4)
  8 flying skulls (Crypt:3)
  6 culicivoras
  14 jumping spiders
  A black mamba zombie (Crypt:3)
  4 spriggans
  A spriggan (shapeshifter) (D:15)
  4 golden eyes (Slime:5)
  42 redbacks
  A vampire mosquito (Swamp:1)
  2 chaos spawn
  A deep troll zombie (Crypt:2)
  A faun zombie (Crypt:2)
  7 swamp worms
  2 swamp drakes
  5 orc warriors
  3 ogres
  3 wolves (Lair:6)
  2 boggarts
  A centaur (D:13)
  3 necrophages (Crypt:3)
  A small abomination (Depths:3)
  An electric eel (D:15)
  A basilisk zombie (Crypt:2)
  A wolf skeleton (Crypt:2)
  3 orc wizards (Orc:2)
  A steam dragon zombie (Crypt:2)
  A white imp (D:13)
  18 orcs
  2 briar patches (Swamp:3)
554 creatures vanquished.

Vanquished Creatures (others)
  A vampire mage (WizLab)
  2 deep elf knights (Elf:2)
  A deep elf archer (Elf:2)
  An ironbound convoker (Vaults:5)
  2 wizards
  An ugly thing (IceCv)
  3 bloated husks
  A boggart (D:15)
  8 briar patches (Swamp:3)
  A bush (Lair:6)
  23 foxfires
  32 fungi
  60 plants
136 creatures vanquished.

Grand Total: 2553 creatures vanquished

Notes
Turn   | Place    | Note
-------+----------+-------------------------------------------
     0 | D:5      | iguanaiguana the Vine Stalker Delver began the quest for
                  | the Orb.
     0 | D:5      | Reached XP level 1. HP: 11/11 MP: 2/2
     8 | D:5      | Became a worshipper of Cheibriados the Contemplative
    17 | D:6      | Noticed an ogre
   109 | D:5      | Noticed a hound
   154 | D:4      | Reached XP level 2. HP: 16/16 MP: 3/3
   252 | D:4      | Reached XP level 3. HP: 19/19 MP: 4/4
   286 | D:4      | Noticed a necrophage
   436 | D:3      | Found a glowing drain.
   455 | Sewer    | Entered a sewer
   531 | Sewer    | Noticed a kobold brigand
   532 | Sewer    | Noticed a kobold brigand
   563 | Sewer    | Killed a kobold brigand
   564 | Sewer    | Gained mutation: Your natural rate of healing is unusually
                  | fast. [Vine Stalker growth]
   564 | Sewer    | Reached XP level 4. HP: 17/23 MP: 5/5
   564 | Sewer    | Reached XP level 5. HP: 20/27 MP: 6/6
   573 | Sewer    | Killed a kobold brigand
   574 | Sewer    | Reached skill level 5 in Short Blades
   638 | Sewer    | Found a white marble altar of Elyvilon.
   818 | D:2      | Reached * piety under Cheibriados
  1124 | D:1      | Found a faded altar of an unknown god.
  1349 | D:1      | Reached ** piety under Cheibriados
  1350 | D:1      | Reached XP level 6. HP: 28/32 MP: 7/7
  2289 | D:3      | Reached *** piety under Cheibriados
  2542 | D:3      | Noticed a sky beast
  2557 | D:3      | Killed a sky beast
  2611 | D:3      | Noticed a water moccasin
  2636 | D:4      | Reached XP level 7. HP: 21/35 MP: 8/8
  2721 | D:4      | Reached **** piety under Cheibriados
  2818 | D:4      | Found a burning altar of Makhleb.
  2888 | D:4      | Found a staircase to the Ecumenical Temple.
  3258 | D:5      | Gained mutation: You have razor-sharp teeth. [Vine Stalker
                  | growth]
  3258 | D:5      | Reached XP level 8. HP: 39/39 MP: 9/9
  3300 | D:5      | Reached skill level 1 in Throwing
  3602 | D:5      | Reached ***** piety under Cheibriados
  3883 | D:5      | Reached skill level 1 in Conjurations
  3883 | D:5      | Reached skill level 1 in Fire Magic
  3951 | D:5      | Learned a level 1 spell: Pain
  3970 | D:5      | Reached skill level 1 in Necromancy
  4526 | D:6      | Reached XP level 9. HP: 29/43 MP: 2/10
  4530 | D:6      | Learned a level 3 spell: Vampiric Draining
  4614 | D:6      | Noticed Sigmund
  4621 | D:6      | Killed Sigmund
  4622 | D:6      | Reached skill level 5 in Necromancy
  4939 | D:6      | Found a sacrificial altar of Ru.
  4962 | D:6      | Noticed a troll
  4971 | D:6      | Killed a troll
  4992 | D:6      | Learned a level 4 spell: Animate Dead
  5175 | D:7      | Reached ****** piety under Cheibriados
  5275 | D:7      | Reached skill level 1 in Invocations
  5334 | D:7      | Reached skill level 1 in Spellcasting
  5447 | D:7      | Found Qoidia's Magic Scroll Emporium.
  5795 | D:8      | Learned a level 4 spell: Dispel Undead
  5922 | D:8      | Reached XP level 10. HP: 47/47 MP: 14/14
  5954 | D:8      | Found a sand-covered staircase.
  5963 | Ossuary  | Entered an ossuary
  6068 | Ossuary  | Identified a scroll of acquirement
  6069 | Ossuary  | Acquired a +4 quick blade
  6264 | D:8      | Noticed a two-headed ogre
  6271 | D:8      | Killed a two-headed ogre
  6501 | D:8      | Reached skill level 5 in Invocations
  6964 | D:9      | Noticed an orc knight
  6971 | D:9      | Killed an orc knight
  6972 | D:9      | Reached skill level 1 in Evocations
  7375 | D:10     | Entered Level 10 of the Dungeon
  7487 | D:10     | Noticed a centaur warrior
  7614 | D:10     | Noticed a two-headed ogre
  7627 | D:10     | Killed a two-headed ogre
  7754 | D:10     | Reached XP level 11. HP: 51/52 MP: 17/17
  7812 | D:10     | Reached skill level 5 in Shields
  7899 | D:10     | Noticed a two-headed ogre
  7903 | D:10     | Killed a centaur warrior
  7904 | D:10     | Reached skill level 1 in Armour
  7910 | D:10     | Killed a two-headed ogre
  7925 | D:10     | Noticed a manticore
  7931 | D:10     | Noticed a tengu warrior
  7933 | D:10     | Killed a manticore
  7946 | D:10     | Killed a tengu warrior
  8039 | D:10     | Found a bloodstained altar of Trog.
  8495 | D:11     | Found a staircase to the Lair.
  8504 | Lair:1   | Entered Level 1 of the Lair of Beasts
  8668 | Lair:1   | Noticed a seven-headed hydra
  8673 | Lair:1   | Killed a seven-headed hydra
  8741 | Lair:1   | Noticed a four-headed hydra
  8753 | Lair:1   | Killed a four-headed hydra
  8784 | Lair:1   | Reached XP level 12. HP: 58/58 MP: 19/19
  9298 | Lair:2   | Noticed Gastronok
  9307 | Lair:2   | Killed Gastronok
  9373 | Lair:2   | Noticed a five-headed hydra
  9378 | Lair:2   | Killed a five-headed hydra
  9427 | Lair:2   | Noticed an eight-headed hydra
  9449 | Lair:2   | Killed an eight-headed hydra
  9555 | Lair:2   | Noticed a five-headed hydra
  9564 | Lair:2   | Killed a five-headed hydra
  9787 | Lair:2   | Found a staircase to the Swamp.
 10317 | Lair:3   | Found a gate leading to a gauntlet.
 10333 | Gauntlet | Entered a Gauntlet
 10333 | Gauntlet | Found a transporter.
 10333 | Gauntlet | Found a transporter.
 10333 | Gauntlet | Found a transporter.
 10334 | Gauntlet | Found a transporter.
 10337 | Gauntlet | Found a transporter.
 10339 | Gauntlet | Found a large runed translucent door.
 10340 | Gauntlet | Found a large runed translucent door.
 10341 | Gauntlet | Found a large runed translucent door.
 10341 | Gauntlet | Found a large runed translucent door.
 10341 | Gauntlet | Found a runed translucent door.
 10342 | Gauntlet | Found a large runed translucent door.
 10343 | Gauntlet | Found a large runed translucent door.
 10344 | Gauntlet | Found a large runed translucent door.
 10344 | Gauntlet | Found a large runed translucent door.
 10345 | Gauntlet | Found a runed translucent gate.
 10349 | Gauntlet | Found a transporter.
 10362 | Gauntlet | Found a transporter.
 10367 | Gauntlet | Noticed a catoblepas
 10369 | Gauntlet | Found a transporter.
 10386 | Gauntlet | Found a transporter.
 10394 | Gauntlet | Found a transporter.
 10412 | Gauntlet | Found a transporter.
 10455 | Gauntlet | Found a large runed translucent door.
 10456 | Gauntlet | Found a large runed translucent door.
 10457 | Gauntlet | Found a large runed translucent door.
 10457 | Gauntlet | Found a large runed translucent door.
 10457 | Gauntlet | Found a runed translucent door.
 10458 | Gauntlet | Found a large runed translucent door.
 10459 | Gauntlet | Found a large runed translucent door.
 10460 | Gauntlet | Found a large runed translucent door.
 10460 | Gauntlet | Found a large runed translucent door.
 10461 | Gauntlet | Found a runed translucent gate.
 10461 | Gauntlet | Found a runed translucent gate.
 10463 | Gauntlet | Found a transporter.
 10540 | Gauntlet | Reached skill level 10 in Stealth
 10540 | Gauntlet | Reached skill level 10 in Necromancy
 10541 | Gauntlet | Reached skill level 5 in Fighting
 10547 | Gauntlet | Reached XP level 13. HP: 61/63 MP: 1/20
 10554 | Gauntlet | Learned a level 5 spell: Borgnjor's Vile Clutch
 10700 | Gauntlet | Noticed a minotaur
 10706 | Gauntlet | Killed a minotaur
 10707 | Gauntlet | Reached XP level 14. HP: 68/68 MP: 0/21
 11041 | Lair:3   | Found a hole to the Spider Nest.
 11067 | Lair:3   | Noticed Nergalle
 11074 | Lair:3   | Killed Nergalle
 13758 | Lair:6   | Entered Level 6 of the Lair of Beasts
 13920 | Lair:6   | Reached skill level 5 in Earth Magic
 13950 | Lair:6   | Upgraded the game from 0.29-a0-233-g1125b37a9b to
                  | 0.29-a0-234-g0dae59b3db
 14242 | Lair:6   | Found the +3 Elemental Staff {rElec rF++ rC++ AC+5}
 14520 | Lair:6   | Found a viscous altar of Jiyva.
 14520 | Lair:6   | Found a staircase to the Slime Pits.
 14785 | Lair:6   | Reached skill level 5 in Spellcasting
 15546 | D:11     | Reached XP level 15. HP: 73/73 MP: 18/23
 15747 | D:11     | Found a staircase to the Orcish Mines.
 15780 | D:11     | Learned a level 6 spell: Death Channel
 16165 | Orc:1    | Entered Level 1 of the Orcish Mines
 16666 | Orc:2    | Entered Level 2 of the Orcish Mines
 16873 | Orc:2    | Found a runed translucent door.
 16881 | Orc:2    | Found a shimmering altar of Xom.
 16881 | Orc:2    | Noticed jlumianski's ghost (journeyman DsFE)
 16933 | Orc:2    | Killed jlumianski's ghost
 17041 | Orc:2    | Found a staircase to the Elven Halls.
 17160 | Orc:2    | Found Huhico's Magic Scroll Boutique.
 17202 | Orc:2    | Found Riar Ere's Book Shoppe.
 17238 | Orc:2    | Found Aqetedir's Magic Scroll Shoppe.
 17240 | Orc:2    | Found Bounwoh's Assorted Antiques.
 17284 | Orc:2    | Bought a blue potion for 20 gold pieces
 17946 | Orc:2    | Bought a scroll of acquirement for 1196 gold pieces
 17946 | Orc:2    | Acquired the amulet "Egueg" {RegenMP rPois Regen+ Slay+3}
 18951 | D:13     | Found a gate to the Vaults.
 19162 | D:13     | Reached skill level 15 in Necromancy
 19388 | D:13     | Identified the +2 scale mail of Lifelessness {*Corrode
                  | rPois rN+ Int+2}
 19515 | D:13     | Noticed Maurice
 19520 | D:13     | Killed Maurice
 19595 | D:13     | Reached skill level 2 in Fire Magic
 20015 | Orc:2    | Bought a manual of Invocations for 1120 gold pieces
 20237 | D:14     | Reached skill level 5 in Dodging
 20278 | D:14     | Reached XP level 16. HP: 77/77 MP: 29/29
 20284 | D:14     | Found a hide-covered altar of Uskayaw.
 20335 | D:14     | Found a snail-covered altar of Cheibriados.
 20337 | D:14     | Found a radiant altar of Vehumet.
 20337 | D:14     | Found a shimmering altar of Xom.
 20339 | D:14     | Found an ornate altar of the Wu Jian Council.
 20339 | D:14     | Found a burning altar of Makhleb.
 20339 | D:14     | Found a shimmering blue altar of Sif Muna.
 20469 | D:14     | Identified the +9 short sword of Extremism {drain, Will+
                  | Str+2}
 20809 | D:15     | Entered Level 15 of the Dungeon
 20828 | D:15     | Noticed Josephine
 20830 | D:15     | Killed Josephine
 20879 | D:15     | Reached skill level 10 in Invocations
 21566 | D:15     | Found a staircase to the Depths.
 21639 | D:15     | Found Ifeapa's Distillery.
 21639 | D:15     | Found Gezawa's Distillery.
 21641 | D:15     | Found Nifuxas's Assorted Antiques.
 21654 | D:15     | Bought a potion of cancellation for 152 gold pieces
 22420 | Spider:1 | Entered Level 1 of the Spider Nest
 22684 | Spider:1 | Noticed Jorgrun
 22697 | Spider:1 | Killed Jorgrun
 22715 | Spider:1 | Reached skill level 5 in Armour
 22818 | Spider:1 | Reached skill level 10 in Shields
 23414 | Spider:2 | Noticed Nikola
 23450 | Spider:2 | You fall into a shaft and drop 1 floor!
 23472 | Spider:3 | Reached XP level 17. HP: 59/81 MP: 25/30
 23557 | Spider:3 | Identified the +2 leather armour "Honemeos" {+Inv Int+2}
 23780 | Spider:3 | Noticed Bai Suzhen
 23795 | Spider:3 | Killed Bai Suzhen
 23796 | Spider:3 | Reached skill level 15 in Invocations
 24398 | Spider:4 | Entered Level 4 of the Spider Nest
 24761 | Spider:4 | Got a gossamer rune of Zot
 24988 | Spider:4 | Reached skill level 15 in Stealth
 25066 | Spider:4 | Reached XP level 18. HP: 75/86 MP: 18/31
 25650 | Swamp:1  | Entered Level 1 of the Swamp
 26196 | Swamp:2  | Noticed a tentacled monstrosity
 26206 | Swamp:2  | Killed a tentacled monstrosity
 26244 | Swamp:2  | Reached skill level 5 in Conjurations
 26253 | Swamp:2  | Noticed Donald
 26254 | Swamp:2  | Noticed Aizul
 26260 | Swamp:2  | Killed Donald
 26262 | Swamp:2  | Killed Aizul
 26683 | Swamp:3  | Reached skill level 3 in Fire Magic
 26871 | Swamp:3  | Noticed a tentacled monstrosity
 26884 | Swamp:3  | Killed a tentacled monstrosity
 26885 | Swamp:3  | Reached skill level 4 in Fire Magic
 27201 | Swamp:4  | Entered Level 4 of the Swamp
 27411 | Swamp:4  | Learned a level 5 spell: Fireball
 27473 | Swamp:4  | Noticed a tentacled monstrosity
 27479 | Swamp:4  | Killed a tentacled monstrosity
 27489 | Swamp:4  | Noticed a tentacled monstrosity
 27493 | Swamp:4  | Reached skill level 5 in Fire Magic
 27497 | Swamp:4  | Killed a tentacled monstrosity
 27525 | Swamp:4  | Reached XP level 19. HP: 55/90 MP: 6/32
 27589 | Swamp:4  | Reached skill level 6 in Fire Magic
 27671 | Swamp:4  | Got a decaying rune of Zot
 28290 | Vaults:1 | Entered Level 1 of the Vaults
 28627 | Vaults:1 | Reached skill level 7 in Fire Magic
 28704 | Vaults:1 | Reached skill level 8 in Fire Magic
 29019 | Vaults:1 | Reached skill level 10 in Conjurations
 29217 | Vaults:1 | Identified the +6 falchion "Pendulum" {speed, rF+ rC+}
 29221 | Vaults:1 | Found Exu Lef's Jewellery Emporium.
 29231 | Vaults:1 | Acquired the ring of the Singing Gods {Fire Fly rCorr MP+9
                  | Dex-2}
 29310 | Vaults:2 | Found a magical portal.
 29316 | WizLab   | Entered Yara's Duelist Academy
 29443 | WizLab   | Noticed Toojoafa
 29473 | WizLab   | Reached skill level 9 in Fire Magic
 29540 | WizLab   | Found the +5 demon whip "Spellbinder" {antimagic, Will+}
 29652 | WizLab   | Killed Toojoafa the Head Instructor
 29665 | WizLab   | Reached XP level 20. HP: 55/95 MP: 17/33
 29728 | WizLab   | Got Yara's Grimoire of the Oath
 30188 | D:13     | Learned a level 6 spell: Starburst
 30400 | Vaults:1 | Reached skill level 10 in Fire Magic
 30526 | Vaults:1 | Found a transporter.
 31181 | Vaults:2 | Acquired 706 gold pieces
 31194 | Vaults:2 | Found Doimmim's General Store.
 31287 | Vaults:2 | Reached skill level 11 in Fire Magic
 32343 | Vaults:3 | Reached skill level 10 in Spellcasting
 32378 | Vaults:3 | Reached skill level 12 in Fire Magic
 32409 | Vaults:3 | Found Piula's General Store.
 32493 | Vaults:3 | Found a flickering gateway to a bazaar.
 32513 | Bazaar   | Entered a bazaar
 32540 | Bazaar   | Found Yttainikh's Book Shoppe.
 32556 | Bazaar   | Found Cipputar's Assorted Antiques.
 32572 | Bazaar   | Found Sofaffemic's Book Shoppe.
 32572 | Bazaar   | Found Yvuaxaoq's Jewellery Emporium.
 32619 | Bazaar   | Bought the ring "Jisigoez" {Fire rPois Int+4 Dex+4 Stlth+}
                  | for 390 gold pieces
 32619 | Bazaar   | Bought a ring of see invisible for 105 gold pieces
 32645 | Bazaar   | Bought the Volume of Ghastly Calling for 288 gold pieces
 32645 | Bazaar   | Bought an Inescapable Atlas for 306 gold pieces
 32648 | Bazaar   | Learned a level 2 spell: Blink
 32760 | Vaults:3 | Reached skill level 1 in Translocations
 33045 | Vaults:3 | Reached XP level 21. HP: 72/105 MP: 16/36
 33550 | Vaults:3 | Found a runed translucent door.
 33565 | Vaults:3 | Noticed Somi Kux's ghost (veteran HOFi)
 33713 | Vaults:3 | Killed Somi Kux's ghost
 33729 | Vaults:3 | Got the Handbook of the Mountains
 33774 | Vaults:3 | Found a staircase to the Crypt.
 34105 | Vaults:3 | Reached skill level 13 in Fire Magic
 34614 | Vaults:4 | Reached skill level 10 in Fighting
 34888 | Vaults:4 | Found Xatzapoumu's Weapon Shoppe.
 34937 | Vaults:4 | Reached skill level 14 in Fire Magic
 35187 | Vaults:4 | Found a runed translucent door.
 35193 | Vaults:4 | Noticed testman's ghost (veteran MiHu)
 36017 | Elf:1    | Entered Level 1 of the Elven Halls
 36052 | Elf:1    | Found a radiant altar of Vehumet.
 36096 | Elf:1    | Reached skill level 15 in Fire Magic
 36473 | Elf:1    | Paralysed by an air elemental for 1 turns
 36477 | Elf:1    | Paralysed by an air elemental for 1 turns
 36800 | Elf:1    | Identified the +2 dagger of the Endless Expanse {speed, rC+
                  | Str+3}
 36847 | Elf:1    | Found Uzeig's Assorted Antiques.
 37163 | Elf:2    | Found a frozen archway.
 37175 | IceCv    | Entered an ice cave
 37319 | IceCv    | Acquired 648 gold pieces
 37396 | IceCv    | Reached XP level 22. HP: 114/114 MP: 37/37
 37623 | IceCv    | Reached skill level 16 in Fire Magic
 37927 | Elf:1    | Bought a scroll of acquirement for 1560 gold pieces
 37927 | Elf:1    | Acquired a Necronomicon
 38108 | Elf:2    | Found a runed translucent gate.
 38109 | Elf:2    | Found a runed translucent gate.
 38109 | Elf:2    | Found a runed translucent gate.
 38423 | Elf:2    | Found a huge runed gate.
 38423 | Elf:2    | Found a huge runed gate.
 38423 | Elf:2    | Found a huge runed gate.
 38423 | Elf:2    | Found a huge runed gate.
 38423 | Elf:2    | Found a huge runed gate.
 38423 | Elf:2    | Found a huge runed gate.
 38423 | Elf:2    | Found a huge runed gate.
 38423 | Elf:2    | Found a huge runed gate.
 38423 | Elf:2    | Found a huge runed gate.
 38423 | Elf:2    | Found a huge runed gate.
 38609 | Elf:2    | Reached skill level 17 in Fire Magic
 39122 | Elf:3    | Entered Level 3 of the Elven Halls
 39182 | Elf:3    | Paralysed by an air elemental for 1 turns
 39408 | Elf:3    | Reached skill level 1 in Staves
 39408 | Elf:3    | Reached skill level 18 in Fire Magic
 39719 | Elf:3    | Identified the ring of the Bellicose God {Wiz rPois rN++
                  | rCorr}
 39735 | Elf:3    | Learned a level 8 spell: Ignition
 39901 | Elf:3    | Reached XP level 23. HP: 104/121 MP: 4/38
 39953 | Elf:3    | Identified the +0 ring mail of the Immovable Wonders {-Tele
                  | rN+ Int+6}
 39953 | Elf:3    | Found the +6 lightning scales {swift, rElec}
 39987 | Elf:3    | Identified the +7 chain mail of Xumup {Rampage rF+++ Slay-6
                  | SInv}
 40095 | Elf:3    | Identified the +3 kite shield "Nori" {Int+4}
 40152 | Elf:3    | Got Sif Muna's Reference Book on the Supportive Voyage
 40330 | Elf:3    | Learned a level 6 spell: Iron Shot
 40689 | D:7      | Bought a scroll of enchant armour for 112 gold pieces
 40931 | Vaults:3 | Bought a scroll of enchant armour for 112 gold pieces
 41030 | Crypt:1  | Entered Level 1 of the Crypt
 41302 | Depths:1 | Entered Level 1 of the Depths
 41341 | Depths:1 | Found a shimmering blue altar of Sif Muna.
 41549 | Depths:1 | Found Ymyuwa's General Store.
 41551 | Depths:1 | Found Cuosu's Magic Scroll Boutique.
 41551 | Depths:1 | Found Gerch's Assorted Antiques.
 41554 | Depths:1 | Found Angetoff's General Store.
 41606 | Depths:1 | Found Araeck's Jewellery Boutique.
 41817 | Depths:1 | Reached skill level 19 in Fire Magic
 41831 | Depths:1 | Found a gateway to Hell.
 42191 | Depths:2 | Found a runed translucent door.
 42229 | Depths:2 | Found a shimmering altar of Xom.
 42230 | Depths:2 | Noticed taxman66's ghost (veteran FoFi)
 42309 | Depths:2 | Killed taxman66's ghost
 42605 | Depths:2 | Reached skill level 5 in Staves
 42816 | Depths:2 | Found a one-way gate leading to the halls of Pandemonium.
 42922 | Depths:1 | Bought a scroll of acquirement for 884 gold pieces
 42922 | Depths:1 | Acquired 829 gold pieces
 42924 | Depths:1 | Upgraded the game from 0.29-a0-234-g0dae59b3db to
                  | 0.29-a0-243-g602b31c20e
 43173 | Orc:2    | Bought a scroll of blinking for 120 gold pieces
 44553 | Depths:3 | Found Raphec's Antique Weapon Emporium.
 44649 | Depths:3 | You fall into a shaft and drop 1 floor!
 44649 | Depths:4 | Entered Level 4 of the Depths
 44780 | Depths:4 | Found a corrupted altar of Lugonu.
 44781 | Depths:4 | Found a one-way gate to the infinite horrors of the Abyss.
 45135 | Depths:4 | Reached skill level 20 in Fire Magic
 45139 | Depths:4 | Reached XP level 24. HP: 128/128 MP: 38/38
 45266 | Depths:4 | Found a portal to a secret trove of treasure.
 45673 | Depths:4 | Found a gate to the Realm of Zot.
 46120 | Depths:3 | Noticed a caustic shrike
 46133 | Depths:3 | Noticed a juggernaut
 46231 | Depths:3 | Found a one-way gateway to a ziggurat.
 46231 | Depths:3 | Identified the +6 tower shield of Claustrophobia {rF+}
 46602 | Depths:3 | Identified the ring "Othop" {Ice rCorr Str+2 Dex+5 Slay-6}
 46679 | Depths:3 | Killed a caustic shrike
 46825 | Depths:3 | Killed a juggernaut
 47553 | Slime:1  | Entered Level 1 of the Pits of Slime
 48170 | Slime:2  | Found a viscous altar of Jiyva.
 48369 | Slime:3  | Noticed Dissolution
 48373 | Slime:3  | Killed Dissolution
 48551 | Slime:4  | Gained mutation: You are occasionally teleported next to
                  | monsters. [a shining eye]
 48621 | Slime:5  | Entered Level 5 of the Pits of Slime
 48627 | Slime:5  | Reached skill level 21 in Fire Magic
 48628 | Slime:5  | Noticed the Royal Jelly
 48634 | Slime:5  | Reached skill level 15 in Fighting
 48634 | Slime:5  | Killed the Royal Jelly
 48690 | Slime:5  | Reached XP level 25. HP: 136/136 MP: 13/38
 48692 | Slime:5  | Gained mutation: You tend to lose your temper in combat. [a
                  | shining eye]
 48693 | Slime:5  | Gained mutation: You are dopey. (Int -2) [a shining eye]
 48702 | Slime:5  | Got a slimy rune of Zot
 49177 | Slime:5  | Identified the +6 plate armour "Fedoususs" {Str+2}
 49218 | Slime:5  | Lost mutation: You are occasionally teleported next to
                  | monsters. [potion of mutation]
 49218 | Slime:5  | Lost mutation: You tend to lose your temper in combat.
                  | [potion of mutation]
 49218 | Slime:5  | Lost mutation: You are dopey. (Int -2) [potion of mutation]
 49218 | Slime:5  | Gained mutation: Your body sometimes deteriorates upon
                  | taking damage. [potion of mutation]
 49218 | Slime:5  | Gained mutation: You are partially covered in iridescent
                  | scales. (AC +2) [potion of mutation]
 49219 | Slime:5  | Lost mutation: Your body sometimes deteriorates upon taking
                  | damage. [potion of mutation]
 49219 | Slime:5  | Lost mutation: You are partially covered in iridescent
                  | scales. (AC +2) [potion of mutation]
 49219 | Slime:5  | Gained mutation: Your body sometimes deteriorates upon
                  | taking damage. [potion of mutation]
 49219 | Slime:5  | Gained mutation: You possess an exceptional clarity of
                  | mind. [potion of mutation]
 49219 | Slime:5  | Gained mutation: You are frail. (-10% HP) [potion of
                  | mutation]
 49220 | Slime:5  | Lost mutation: Your body sometimes deteriorates upon taking
                  | damage. [potion of mutation]
 49220 | Slime:5  | Lost mutation: You are frail. (-10% HP) [potion of
                  | mutation]
 49220 | Slime:5  | Lost mutation: You possess an exceptional clarity of mind.
                  | [potion of mutation]
 49220 | Slime:5  | Gained mutation: You occasionally shout uncontrollably at
                  | your foes. [potion of mutation]
 49220 | Slime:5  | Gained mutation: You are somewhat resistant to further
                  | mutation. [potion of mutation]
 49221 | Slime:5  | Lost mutation: You are somewhat resistant to further
                  | mutation. [potion of mutation]
 49221 | Slime:5  | Lost mutation: You occasionally shout uncontrollably at
                  | your foes. [potion of mutation]
 49221 | Slime:5  | Gained mutation: Armour fits poorly on your strangely
                  | shaped body. [potion of mutation]
 49221 | Slime:5  | Gained mutation: You possess an exceptional clarity of
                  | mind. [potion of mutation]
 49222 | Slime:5  | Lost mutation: You possess an exceptional clarity of mind.
                  | [potion of mutation]
 49222 | Slime:5  | Lost mutation: Armour fits poorly on your strangely shaped
                  | body. [potion of mutation]
 49222 | Slime:5  | Gained mutation: You sometimes lose the ability to read
                  | scrolls when taking damage. [potion of mutation]
 49222 | Slime:5  | Gained mutation: You are covered in fur. (AC +1) [potion of
                  | mutation]
 49222 | Slime:5  | Gained mutation: Your muscles are strong. (Str +2) [potion
                  | of mutation]
 49223 | Slime:5  | Lost mutation: Your muscles are strong. (Str +2) [potion of
                  | mutation]
 49223 | Slime:5  | Lost mutation: You are covered in fur. (AC +1) [potion of
                  | mutation]
 49223 | Slime:5  | Gained mutation: Your body sometimes deteriorates upon
                  | taking damage. [potion of mutation]
 49223 | Slime:5  | Gained mutation: You are clumsy. (Dex -2) [potion of
                  | mutation]
 49223 | Slime:5  | Lost mutation: Your body sometimes deteriorates upon taking
                  | damage. [potion of mutation]
 49224 | Slime:5  | Lost mutation: You sometimes lose the ability to read
                  | scrolls when taking damage. [potion of mutation]
 49224 | Slime:5  | Lost mutation: You are clumsy. (Dex -2) [potion of
                  | mutation]
 49224 | Slime:5  | Gained mutation: You are somewhat resistant to further
                  | mutation. [potion of mutation]
 49726 | Vaults:5 | Entered Level 5 of the Vaults
 49733 | Vaults:5 | Reached skill level 15 in Conjurations
 49742 | Vaults:5 | Reached skill level 10 in Earth Magic
 49755 | Vaults:5 | Noticed an ancient lich
 49761 | Vaults:5 | Killed an ancient lich
 49766 | Vaults:5 | Reached skill level 22 in Fire Magic
 49771 | Vaults:5 | Noticed a dread lich
 49778 | Vaults:5 | Killed a dread lich
 49779 | Vaults:5 | Reached skill level 1 in Transmutations
 49984 | Vaults:5 | Identified the +7 long sword of Revolt {venom, rPois}
 50082 | Vaults:5 | Noticed a dread lich
 50088 | Vaults:5 | Killed a dread lich
 50173 | Vaults:5 | Identified the +2 ring mail of the Earth {Slay+2}
 50230 | Vaults:5 | Got the Incunabulum of Attacks
 50326 | Vaults:5 | Identified the ring "Qulul" {rC++ Will- EV+4 Slay+2}
 50509 | Vaults:5 | Identified the ring "Ofixzah" {rPois rC+}
 50512 | Vaults:5 | Identified the +1 cloak of Xom's Supremacy {rN+ Str+3}
 50515 | Vaults:5 | Got a silver rune of Zot
 51268 | D:13     | Learned a level 8 spell: Infestation
 51574 | Depths:4 | You paid a toll of +2 gold dragon scales to enter a
                  | treasure trove
 51575 | Trove    | Entered a treasure trove
 51608 | Trove    | Identified the ring "Gosecul" {rN+ Int+3 Slay+2}
 52247 | Crypt:1  | Noticed Xtahua
 52258 | Crypt:1  | Killed Xtahua
 52259 | Crypt:1  | Reached XP level 26. HP: 137/144 MP: 16/39
 52979 | Crypt:1  | Acquired 638 gold pieces
 53231 | D:15     | Bought 2 potions of experience for 3000 gold pieces
 53231 | D:15     | Reached XP level 27. HP: 149/149 MP: 39/39
 53623 | Crypt:2  | Identified the +6 dagger "Moseprac" {vorpal, rPois rC+
                  | Int+4}
 53652 | Crypt:2  | Noticed Vv
 53659 | Crypt:2  | Killed Vv
 54046 | Crypt:3  | Entered Level 3 of the Crypt
 54126 | Crypt:3  | Found a staircase to the Tomb.
 54282 | Crypt:3  | Found an ancient bone altar of Kikubaaqudgha.
 54282 | Crypt:3  | Noticed a dread lich
 54289 | Crypt:3  | Killed a dread lich
 54376 | Crypt:3  | Identified the ring "Gyhyviw" {rF+ rN+}
 54376 | Crypt:3  | Identified the amulet of Immome {rF+ Regen+}
 54376 | Crypt:3  | Identified the ring "Lerung" {rF+ rC+ rN+ Will+ rCorr}
 55420 | Zot:1    | Entered Level 1 of the Realm of Zot
 55481 | Zot:1    | Identified the +2 scale mail of the Shoals {rElec rCorr
                  | Str+4}
 56247 | Zot:2    | Reached skill level 5 in Transmutations
 56253 | Zot:2    | You fall into a shaft and drop 2 floors!
 57061 | Zot:5    | Entered Level 5 of the Realm of Zot
 57260 | Zot:5    | Noticed an orb of fire
 57260 | Zot:5    | Noticed an orb of fire
 57261 | Zot:5    | Noticed an orb of fire
 57268 | Zot:5    | Gained mutation: You are weak. (Str -2) [an orb of fire]
 57269 | Zot:5    | Killed an orb of fire
 57273 | Zot:5    | Noticed an orb of fire
 57273 | Zot:5    | Gained mutation: You are very weak. (Str -4) [an orb of
                  | fire]
 57521 | Zot:5    | Killed an orb of fire
 57522 | Zot:5    | Reached skill level 15 in Spellcasting
 57714 | Zot:5    | Killed an orb of fire
 57813 | Zot:5    | Noticed an ancient lich
 57817 | Zot:5    | Noticed an orb of fire
 57820 | Zot:5    | Killed an ancient lich
 57821 | Zot:5    | Reached skill level 10 in Transmutations
 57826 | Zot:5    | Killed an orb of fire
 57828 | Zot:5    | Noticed an orb of fire
 57828 | Zot:5    | Noticed an ancient lich
 57877 | Zot:5    | Noticed an orb of fire
 57877 | Zot:5    | Noticed an orb of fire
 57940 | Zot:5    | Killed an orb of fire
 58088 | Zot:5    | Killed an orb of fire
 58172 | Zot:5    | Killed an orb of fire
 58229 | Zot:5    | Killed an ancient lich
 58240 | Zot:5    | Learned a level 8 spell: Necromutation
 58343 | Zot:5    | Killed an orb of fire
 58779 | Zot:3    | Killed from afar by a red draconian scorcher

Illustrated notes

Levels and vault maps discovered:
D:1:      co_arrival_random_square_maze, layout_loops_ring,
          nicolae_ecumenical_snake_handling
D:2:      layout_basic, kennysheep_generic_room_5
D:3:      minmay_angry_zag, layout_rooms, portal_sewer_entry_d, feat_on_display
D:4:      layout_gridville, makhleb_blood_cavern_becter,
          minmay_temple_entry_statues_pillars, minmay_distorted
D:5:      lemuel_castle_with_subvaults [lemuel_castle_interior_carwin_1],
          layout_basic, nicolae_overflow_hidden_temple
D:6:      layout_cave_pools, nicolae_ru_path_of_blood, uniq_sigmund
D:7:      layout_rooms, serial_shops, nicolae_take_the_stairs, minmay_crossroads
D:8:      layout_loops_ring, lightli_ossuary_entry_decrepit_ruins
D:9:      minmay_the_grid_3x2 [minmay_the_grid_slots, minmay_the_grid_fan,
          minmay_the_grid_armoury, minmay_the_grid_outer_circle,
          minmay_the_grid_dragon_a, minmay_the_grid_prize_diamond_cup],
          layout_gridville, minmay_quadrilaterals
D:10:     layout_irregular_city, minmay_misc_feat_four_crosses,
          minmay_ruined_shrine
D:11:     layout_gridville, grunt_lair_entry_orc_guard_hut, orc_0_dummy
D:12:     layout_stronghold
D:13:     layout_roguey [special_room_orc], erik_vaults_1, special_room
          [special_room_orc], minmay_fire_ice_demons, uniq_maurice
D:14:     layout_basic, doesnt_xom_only_xom,
          nicolae_uskayaw_murder_on_the_dancefloor
D:15:     gammafunk_enter_depths_forms, layout_layer_cave,
          grunt_decor_mini_mirrors, nicolae_wooded_promenade, uniq_josephine
Lair:1:   layout_roguey, grunt_megastairs_4, infiniplex_staircase_pool
Lair:2:   layout_concentric_octagons, nicolae_swamp_entry_splash_gauntlet,
          uniq_gastronok
Lair:3:   layout_loops_ring, hellmonk_spider_entry_life_and_decay,
          gauntlet_entry_generic, beast_lair_carwin_1, serial_bayou_shore_a,
          serial_bayou_shore_b, infiniplex_staircase_pool_2, grunt_megastairs_3,
          uniq_nergalle
Lair:4:   layout_cave_pods, grunt_megastairs_1
Lair:5:   layout_hall_layers, minmay_stone_trees_small, grunt_megastairs_5
Lair:6:   minmay_lair_end_enchanted_forest, layout_gridlike, slime_altar_1
Swamp:1:  layout_falls_marsh, nicolae_swamp_oxbows, swamp_pool1
Swamp:2:  layout_falls_marsh, evilmike_swamp_ruin_house_1, swamp_pool5,
          cheibrodos_swamp_pet_leeches, uniq_aizul, uniq_donald
Swamp:3:  layout_basic_swamp, hangedman_swamp_ruin_wall, swamp_pool4,
          roderic_carrion_pond
Swamp:4:  nzn_swamp_witches_coven, layout_basic_swamp
Spider:1: layout_cave_pods, uniq_jorgrun
Spider:2: layout_chambers, hangedman_spider_tarantella_strand, uniq_kirke,
          uniq_nikola
Spider:3: layout_cave_pods, uniq_bai_suzhen
Spider:4: grunt_spider_rune_circles, nicolae_spider_rock_and_or_roll
Slime:1:  layout_caves, cheibrodos_slime_lost_civilization_4
Slime:2:  layout_caves, basic_altar
Slime:3:  layout_caves, dissolution_awaits
Slime:4:  layout_caves
Slime:5
Orc:1:    layout_caves
Orc:2:    st_orc_elflike, layout_caves, ebering_ghost_xom
Elf:1:    eino_elf_arrival_altar, layout_loops_corners, serial_shops, shop,
          kennysheep_underground_church
Elf:2:    nicolae_elf_blades_crystal_corner, layout_geoelf_octagon,
          portal_ice_cave_entry_ice_statue_one, door_vault
Elf:3:    minmay_elf_hall_dome, layout_loops_corners
Vaults:1: emtedronai_trogs_sanctum, v_misc_23, vaults_room_hallway,
          grunt_vaults_swirl, v_pattern_1, v_misc_29,
          hangedman_vaults_restitches, nicolae_vaults_rhombus_6,
          nicolae_vaults_little_squares_5, nicolae_vaults_little_ls, v_misc_27,
          ontoclasm_vaults_chip, nicolae_vaults_shelves_hall,
          layout_vaults_maze_bifur, serial_shops, nicolae_shop_stone
Vaults:2: infiniplex_enter_wizlab_spiral, v_misc_15, vaults_room_octagon,
          v_misc_16, v_pattern_5, nicolae_vaults_border_crossing,
          vaults_dpeg_encased_lava, vaults_room_semicircle,
          nicolae_vaults_mini_display_case, layout_vaults_omnigrid,
          serial_shops, nicolae_square_shop
Vaults:3: hellmonk_ghost_big_iron, vaults_room_ringed_pool,
          grunt_vaults_trifunnel, vaults_room_corners, hangedman_vaults_nodes,
          vaults_mumra_minichess_inversion, nicolae_vaults_shelves_hall,
          vaults_room_mumra_shop_pool, dpeg_vaults_monster_row,
          ontoclasm_vaults_claustrophobia, blue_anna_dwarven_crypt,
          nicolae_vaults_hallways_thing, vaults_standard_mumra_lines,
          vaults_mumra_chevron, vaults_dpeg_hooks, layout_vaults_omnicross,
          serial_shops, bzr_entry_lakeside
Vaults:4: ebering_ghost_reflecting_pool, vaults_standard_mumra_x,
          nicolae_vaults_angled_halls, st_hourglassy, ontoclasm_vaults_spin,
          v_misc_10, v_rooms_5, vaults_room_fours, vaults_room_door_ring,
          grunt_vaults_funnel, ontoclasm_vaults_fault, ontoclasm_vaults_pinch,
          hangedman_vaults_stretched_pinwheel, ontoclasm_vaults_misaligned,
          grunt_vaults_hallway_short, ontoclasm_vaults_hangar,
          nicolae_vaults_rhombus_6, layout_vaults_omnibox, serial_shops,
          nicolae_shop_stone
Vaults:5
Crypt:1:  layout_basic, serial_glass, glass_columns_b, glass_columns_c,
          grunt_crypt_arrival_webbed, uniq_xtahua
Crypt:2:  layout_rooms, hex_intersection, uniq_vv
Crypt:3:  cryptofortress_bobbens
Depths:1: layout_gridville, chequers_jeans, serial_shops, shop,
          nicolae_hell_entry_hellmouth_sunbeams, led_sif_pool, minmay_shoptagon,
          infiniplex_staircase_pool_lava
Depths:2: minmay_quantized_circle, layout_gridlike,
          nicolae_concentric_dashed_squares_wild, ebering_ghost_xom,
          grunt_hell_entry_dis_mu, pan_entry, serial_bayou_shore_b,
          infiniplex_staircase_zigzag_3
Depths:3: minmay_broken_ring, layout_honeycomb, enter_ziggurat_c, serial_shops,
          nicolae_diamond_shop, hangedman_geh_valley, minmay_room_of_horrors,
          feat_on_display, infiniplex_staircase_spiral_double,
          serial_bayou_shore_b, serial_bayou_shore_b
Depths:4: grunt_zot_entry_hairpin, layout_gridlike, trove_entry_hex_spiral,
          abyss_entry_flame_altar, grunt_pan_entry_zigzag, pf_coc_iceberg,
          kennysheep_random_hallway
Zot:1:    layout_basic
Zot:2:    layout_basic, ebering_ghost_xom
Zot:3:    layout_misc_corridors
Zot:4:    kennysheep_six_static_rooms, layout_misc_corridors
Zot:5:    layout_onion

Skill      XL: |  1  2  3  4  5  6  7  8  9 10 11 12 13 14 15 16 17 18 19 20 21 22 23 24 25 26 27 |
---------------+----------------------------------------------------------------------------------+-----
Short Blades   | 2 3 4 5 6 8 |  8.2
Throwing       | 3 |  3.0
Conjurations   | 1 2 7 10 12 14 15 | 15.0
Fire Magic     | 1 2 5 9 12 15 18 20 21 22 | 22.0
Necromancy     | 4 8 9 11 13 15 17 20 | 20.3
Invocations    | 3 5 6 7 8 9 13 16 | 16.6
Spellcasting   | 2 3 4 5 8 10 11 16 | 16.0
Fighting       | 3 4 5 6 9 11 12 13 15 16 | 16.9
Dodging        | 2 3 4 5 6 |  6.0
Evocations     | 1 2 3 |  3.0
Shields        | 4 6 7 8 9 10 | 10.0
Armour         | 2 3 5 7 8 9 |  9.0
Stealth        | 8 10 11 13 15 16 17 | 17.3
Earth Magic    | 4 6 8 9 11 | 11.0
Translocations | 4 |  4.0
Staves         | 3 5 |  5.0
Transmutations | 4 14 | 14.0

Action                   |  1- 3 |  4- 6 |  7- 9 | 10-12 | 13-15 | 16-18 | 19-21 | 22-24 | 25-27 || total
-------------------------+-------+-------+-------+-------+-------+-------+-------+-------+-------++-------
Melee: Dagger            |    39 |   171 |   338 |    16 |       |       |       |       |       ||   564
       Bite              |     8 |    53 |   118 |   130 |   361 |   321 |   321 |   208 |   199 ||  1719
       Punch             |     1 |     3 |     5 |     3 |       |       |       |       |       ||    12
       Short sword       |     1 |       |       |       |       |       |       |       |       ||     1
       Quick blade       |       |       |       |   319 |   779 |   524 |   305 |    48 |     7 ||  1982
       Staff             |       |       |       |       |    19 |    92 |   256 |   257 |   267 ||   891
Throw: Dart              |       |       |     9 |     2 |     2 |     3 |       |     1 |       ||    17
 Cast: Pain              |       |       |    33 |     6 |     6 |     3 |       |       |       ||    48
       Animate Dead      |       |       |     3 |     6 |    34 |    65 |    46 |    35 |       ||   189
       Vampiric Draining |       |       |     2 |     4 |     7 |       |       |       |       ||    13
       Dispel Undead     |       |       |       |    11 |     2 |     4 |       |       |       ||    17
       Borgnjor's Vile C |       |       |       |       |    77 |   105 |   213 |   260 |   109 ||   764
       Death Channel     |       |       |       |       |    44 |   106 |   142 |    98 |    17 ||   407
       Fireball          |       |       |       |       |       |       |    44 |       |       ||    44
       Starburst         |       |       |       |       |       |       |    20 |    10 |     4 ||    34
       Ignition          |       |       |       |       |       |       |       |    59 |    79 ||   138
       Iron Shot         |       |       |       |       |       |       |       |    32 |   100 ||   132
       Infestation       |       |       |       |       |       |       |       |       |    94 ||    94
Invok: Slouch            |       |       |       |     4 |     1 |     3 |     4 |     1 |     7 ||    20
       Bend Time         |       |       |       |     1 |     3 |       |       |       |       ||     4
       Temporal Distorti |       |       |       |       |       |       |     1 |       |       ||     1
Evoke: Wand              |     1 |       |       |       |       |       |       |     1 |       ||     2
  Use: Scroll            |     3 |     4 |     8 |    15 |    10 |     5 |    14 |    11 |    15 ||    85
       Potion            |     1 |       |       |     5 |     1 |     6 |     2 |     5 |    16 ||    36
 Stab: Sleeping          |     4 |     9 |    17 |    14 |    24 |    26 |    26 |    16 |     3 ||   139
       Distracted        |       |       |     4 |     4 |    11 |    20 |    22 |    17 |     8 ||    86
       Invisible         |       |       |       |       |       |     3 |       |       |       ||     3
Armor: Leather armour    |    12 |       |    59 |       |       |       |       |       |       ||    71
       Ring mail         |     7 |    53 |     6 |       |       |       |    47 |   150 |       ||   263
       Troll leather arm |       |       |    23 |    14 |       |       |       |       |       ||    37
       Steam dragon scal |       |       |       |    14 |       |       |       |       |       ||    14
       Skin              |       |       |       |     3 |       |       |       |       |       ||     3
       Robe              |       |       |       |     8 |    63 |       |       |       |       ||    71
       Acid dragon scale |       |       |       |       |   119 |     8 |   230 |       |       ||   357
       Scale mail        |       |       |       |       |     2 |   273 |       |     9 |    14 ||   298
       Shadow dragon sca |       |       |       |       |       |       |       |    14 |       ||    14
       Quicksilver drago |       |       |       |       |       |       |       |       |   195 ||   195
Dodge: Dodged            |    24 |    72 |   153 |    84 |   279 |   309 |   346 |   284 |   261 ||  1812
Block: Other             |       |    31 |    61 |    17 |       |       |       |       |       ||   109
       Reflection        |       |     1 |     1 |     9 |     1 |       |       |       |       ||    12
       Kite shield       |       |       |       |   137 |   193 |   590 |   735 |   476 |   430 ||  2561
       Buckler           |       |       |       |       |   270 |       |       |       |       ||   270

Table legend: (Time is in decaauts)
 A = Elapsed time spent in this place.
 B = Non-inter-level travel time spent in this place.
 C = Inter-level travel time spent in this place.
 D = Time resting spent in this place.
 E = Time spent auto-exploring this place.
 F = Levels seen in this place.
 G = Mean time per level.
                   A        B        C        D        E       F      G
               +--------+--------+--------+--------+--------+-----+--------+
         Total | 102373 |  73510 |  28863 |    736 |  52383 |  63 | 1625.0 |
       Dungeon |  24815 |  17668 |   7147 |    210 |  13505 |  15 | 1654.3 |
          Lair |  11597 |   9769 |   1828 |     63 |   8057 |   6 | 1932.8 |
         Swamp |   4460 |   3462 |    998 |      0 |   2290 |   4 | 1115.0 |
   Spider Nest |   5480 |   3675 |   1805 |      0 |   2401 |   4 | 1370.0 |
    Slime Pits |   3143 |   2310 |    833 |     87 |   1819 |   5 |  628.6 |
  Orcish Mines |   4246 |   2234 |   2012 |      0 |   1762 |   2 | 2123.0 |
   Elven Halls |   6696 |   5101 |   1595 |     46 |   3359 |   3 | 2232.0 |
        Vaults |  15736 |   8560 |   7176 |    114 |   5662 |   5 | 3147.2 |
         Crypt |   4374 |   3778 |    596 |      3 |   2450 |   3 | 1458.0 |
        Depths |  11070 |   8357 |   2713 |     16 |   6376 |   4 | 2767.5 |
           Zot |   6173 |   4016 |   2157 |     66 |   2595 |   5 | 1234.6 |
        Bazaar |    336 |    336 |      0 |      0 |    155 |   1 |  336.0 |
         Trove |    178 |    178 |      0 |      0 |    155 |   1 |  178.0 |
         Sewer |    402 |    402 |      0 |      0 |    202 |   1 |  402.0 |
       Ossuary |    336 |    336 |      0 |      0 |    183 |   1 |  336.0 |
      Ice Cave |   1209 |   1209 |      0 |     32 |    586 |   1 | 1209.0 |
        Wizlab |   1191 |   1191 |      0 |     10 |    276 |   1 | 1191.0 |
      Gauntlet |    925 |    925 |      0 |     88 |    546 |   1 |  925.0 |
               +--------+--------+--------+--------+--------+-----+--------+

Top non-repeatable levels by time:
Vaults:3: 4240 daAuts
Vaults:2: 3805 daAuts
Depths:4: 3418 daAuts
    D:15: 3350 daAuts
    D:13: 3300 daAuts
   Orc:2: 3282 daAuts
Depths:2: 2986 daAuts
Depths:3: 2821 daAuts
Vaults:1: 2788 daAuts
   Zot:5: 2753 daAuts
  Lair:6: 2735 daAuts
     D:5: 2504 daAuts
Vaults:4: 2498 daAuts
Vaults:5: 2403 daAuts
   Elf:3: 2341 daAuts
